 Dungeon Crawl Stone Soup version 0.17-a0-2014-g32cd421 (webtiles) character file.

179 graki42 the Sneak (level 5, -1/36 HPs)
             Began as an Octopode Monk on Oct 9, 2015.
             Was a Believer of Dithmenos.
             Slain by an orc wizard
             ... wielding a +0 dagger
              (5 damage)
             ... on level 3 of the Dungeon.
             The game lasted 00:06:34 (2398 turns).

graki42 the Sneak (Octopode Monk)                   Turns: 2398, Time: 00:07:04

Health: -1/36      AC:  1    Str: 10    XL:     5   Next: 59%
Magic:  5/5        EV: 14    Int: 13    God:    Dithmenos [**....]
Gold:   126        SH:  0    Dex: 15    Spells: 0 memorised, 4 levels left

rFire  . . .     SeeInvis .     d - +0 short sword
rCold  . . .     Clarity  .     (no shield)
rNeg   . . .     SustAt   .     (helmet restricted)
rPois  .         Gourm    .     (no amulet)
rElec  .         Spirit   .     (no ring)
rCorr  .         Warding  .     (no ring)
rMut   .         Stasis   .     (no ring)
MR     .....                    (no ring)
Stlth  ++++++....               (no ring)
                                (no ring)
                                (no ring)
                                (no ring)

@: wreathed by umbra, not resistant to hostile enchantments, very stealthy
A: almost no armour, amphibious, 8 rings, constrict 8, camouflage 1, gelatinous
body 1
a: Shadow Step, Renounce Religion


You were on level 3 of the Dungeon.
You worshipped Dithmenos.
Dithmenos was pleased with you.
You were hungry.

You visited 1 branch of the dungeon, and saw 3 of its levels.

You collected 126 gold pieces.

Inventory:

Hand Weapons
 d - a +0 short sword (weapon)
Jewellery
 f - an uncursed amulet of guardian spirit {unknown}
 g - an uncursed ring of invisibility {unknown}
 i - a +2 ring of strength {unknown}
Scrolls
 e - 2 scrolls of magic mapping {unknown}
 h - a scroll of immolation {unknown}
 l - a scroll of random uselessness {unknown}
 m - 2 scrolls of identify {unknown}
Potions
 b - 2 potions of curing
 c - a potion of brilliance {unknown}
 j - a potion of invisibility {unknown}
 k - a potion of ambrosia {unknown}
 n - a potion of heal wounds {unknown}
Comestibles
 a - 2 bread rations


   Skills:
 + Level 3.1 Fighting
 + Level 1.2 Short Blades
 + Level 3.7 Dodging
 * Level 5.7 Stealth
 + Level 4.7 Unarmed Combat


You had 4 spell levels left.
You didn't know any spells.

Dungeon Overview and Level Annotations

Branches:
Dungeon (3/15)

Altars:
Dithmenos
Elyvilon


Innate Abilities, Weirdness & Mutations

You cannot wear most types of armour.
You are amphibious.
You can wear up to eight rings at the same time.
You can use your tentacles to constrict eight enemies at once.
Your skin changes colour to match your surroundings (Stealth).
Your rubbery body absorbs attacks (AC +1).


Message History

You constrict the orc wizard. You constrict the orc priest.
The orc wizard hits you but does no damage.
The orc priest calls upon Beogh to heal the orc wizard.
The orc wizard is healed somewhat.
You hit the orc wizard but do no damage.
You squeeze the orc wizard.
The orc wizard is heavily wounded.
You constrict the orc wizard. You constrict the orc priest.
The orc wizard casts a spell at you. The puff of frost hits you!
* * * LOW HITPOINT WARNING * * *
The orc priest hits you with a mace.
* * * LOW HITPOINT WARNING * * *
You hit the orc wizard.
The orc wizard is almost dead.
You constrict the orc wizard. You constrict the orc priest.
You kill the orc priest!
Dithmenos accepts your kill. The orc wizard hits you with a dagger.
You die...

#..#.# ##.#.#
#)#.# #.#.# #...#
#####
##..#########...#
#.>............#
#....#######.o)###
#....##.......@).+
#....##.##########
###....##.#
.)'....'..#
###.)..#####..
#............
#'''#.......#
#...#.......#
#...#.......#


You could see an orc wizard.

Vanquished Creatures
  The ghost of Duffy the Firebug, a weakling VSFE (D:3)
  An orc priest (D:3)
  4 adders
  3 worms
  3 giant geckos
  7 orcs (D:3)
  7 giant cockroaches
  7 goblins
  4 hobgoblins (D:1)
  8 bats
  4 giant newts
  12 kobolds
  13 rats
74 creatures vanquished.

Notes
Turn   | Place    | Note
--------------------------------------------------------------
     0 | D:1      | graki42 the Octopode Monk began the quest for the Orb.
     0 | D:1      | Reached XP level 1. HP: 16/16 MP: 1/1
    68 | D:1      | Reached XP level 2. HP: 19/21 MP: 2/2
   372 | D:1      | Reached XP level 3. HP: 24/26 MP: 3/3
   773 | D:2      | Found a white marble altar of Elyvilon.
   976 | D:2      | Reached XP level 4. HP: 31/31 MP: 4/4
  1212 | D:2      | Found a shadowy altar of Dithmenos.
  1239 | D:2      | Became a worshipper of Dithmenos the Shadowed
  1239 | D:2      | Acquired Dithmenos's first power
  1889 | D:3      | HP: 1/31 [adder (4)]
  2296 | D:3      | Noticed Duffy's ghost (weakling VSFE)
  2305 | D:3      | Killed Duffy's ghost
  2305 | D:3      | Reached skill level 1 in Short Blades
  2305 | D:3      | Reached skill level 5 in Stealth
  2305 | D:3      | Reached XP level 5. HP: 31/36 MP: 5/5
  2398 | D:3      | Slain by an orc wizard

Vault maps used:
D:1:      dpeg_arrival_prison, hangedman_feature_mirror, minivault_14
D:2:      nicolae_overflow_crystal_walls, elyvilon_altar_1
D:3:      kiku_gazebo_garden_becter, nrook_uturn, kennysheep_cross_bottleneck

Action                   |  1- 3 |  4- 6 || total
-------------------------+-------+-------++-------
Melee: Unarmed           |    11 |       ||    11
       Short sword       |    71 |    68 ||   139
  Use: Potion            |       |     1 ||     1
 Stab: Sleeping          |    15 |     7 ||    22
  Eat: Chunk             |       |     4 ||     4
